 Dungeon Crawl Stone Soup version 0.31-a0-1009-g454b1f1e0a (webtiles) character file.

Game seed: 14684381570699898801

79 Azuregosa the Covert (level 4, 0/31 HPs)
             Began as an Octopode Delver on Nov 14, 2023.
             Slain by a gnoll
             ... wielding a +0 club
              (4 damage)
             ... on level 4 of the Dungeon.
             The game lasted 00:00:52 (111 turns).

Azuregosa the Covert (Octopode Delver)               Turns: 111, Time: 00:00:52

Health: 0/31       AC:  1    Str: 11    XL:     4   Next: 38%
Magic:  4/4        EV: 13    Int: 12    God:
Gold:   0          SH:  0    Dex: 15    Spells: 3/3 levels left

rFire   . . .        a - +0 hand axe
rCold   . . .        (no shield)
rNeg    . . .        (helmet restricted)
rPois   .            (no amulet)
rElec   .            (no ring)
rCorr   .            (no ring)
SInv    .            (no ring)
Will    .....        (no ring)
Stlth   +++++        (no ring)
HPRegen 0.25/turn    (no ring)
MPRegen 0.09/turn    (no ring)
                     (no ring)

%: no passive effects
@: no status effects
A: almost no armour, amphibious, 8 rings, camouflage 1, gelatinous body 1,
(nimble swimmer 1), tentacles
a: no special abilities


You were on level 4 of the Dungeon.
You visited 1 branch of the dungeon, and saw 2 of its levels.

Inventory:

Hand Weapons
 a - a +0 hand axe (weapon)
Missiles
 g - 5 stones
Wands
 f - a wand of digging (3)
Scrolls
 b - a scroll of fog
 c - a scroll of revelation
Potions
 e - a potion of haste


   Skills:
 - Level 3.0 Fighting
 - Level 2.0 Axes
 - Level 2.0 Dodging
 + Level 8.9 Stealth


You had 3 spell levels left.
You didn't know any spells.
Your spell library was empty.

Dungeon Overview and Level Annotations

Branches:
Dungeon (5/15)
 Temple: D:4-7

Altars:


Innate Abilities, Weirdness & Mutations

You cannot wear most types of armour.
You are amphibious.
You can wear up to eight rings at the same time.
Your skin changes colour to match your surroundings (Stealth+).
Your rubbery body absorbs attacks. (AC +1, EV +1)
((You are camouflaged when in or above water. (Stealth+)))
You have tentacles for arms and can constrict up to eight enemies at once.


Message History

A gnoll comes into view. It is wielding a +0 club.
You barely miss the gnoll.
The gnoll shouts! x3
You grab the gnoll. You constrict the gnoll. The gnoll hits you with a +0 whip.
The hobgoblin shouts!
You hit the gnoll. You squeeze the gnoll.
The gnoll is severely wounded.
You constrict the gnoll. The gnoll barely misses you.
You hit the gnoll. You squeeze the gnoll.
You kill the gnoll!
You hit the gnoll. You grab the gnoll.
The gnoll is lightly wounded.
You constrict the gnoll, but do no damage.
The gnoll barely misses you.
You hit the gnoll but do no damage.
The gnoll is lightly wounded.
You constrict the gnoll. The gnoll closely misses you.
You hit the gnoll. You squeeze the gnoll.
The gnoll is heavily wounded.
You constrict the gnoll, but do no damage.
The gnoll barely misses you.
You hit the gnoll but do no damage.
The gnoll is heavily wounded.
You constrict the gnoll, but do no damage.
The gnoll hits you with a +2 flail of protection.
You hit the gnoll.
You squeeze the gnoll, but do no damage.
The gnoll is severely wounded.
You constrict the gnoll.
The gnoll hits you with a +2 flail of protection! x2
* * * LOW HITPOINT WARNING * * *
You hit the gnoll.
You squeeze the gnoll, but do no damage.
The gnoll is almost dead.
You constrict the gnoll.
You kill the gnoll!
You closely miss the gnoll. You grab the gnoll. You squeeze the gnoll!
The gnoll is heavily wounded.
You constrict the gnoll. The gnoll hits you with a +0 club.
You die...

..# #.# #.# #.# .
##.## ...
#######...####.....
...........@ggg....
####>..####.....
##.## ... ##.# .
#..# #.## #.# #.#
#.#


You could see 2 gnolls and a hobgoblin.

Vanquished Creatures
  2 hounds (D:5)
  2 gnolls (D:4)
4 creatures vanquished.

Notes
Turn   | Place    | Note
-------+----------+-------------------------------------------
     0 | D:5      | Azuregosa the Octopode Delver began the quest for the Orb.
     0 | D:5      | Reached XP level 1. HP: 16/16 MP: 1/1
    27 | D:5      | Noticed a hound
    27 | D:5      | Noticed an iguana
    27 | D:5      | Noticed a hound
    29 | D:5      | Noticed an iguana
    31 | D:5      | Noticed a scorpion
    32 | D:5      | Killed a hound
    33 | D:5      | Reached skill level 8 in Stealth
    33 | D:5      | Reached XP level 2. HP: 16/21 MP: 2/2
    33 | D:5      | Reached XP level 3. HP: 20/26 MP: 3/3
    38 | D:5      | Reached XP level 4. HP: 17/31 MP: 4/4
   111 | D:4      | Slain by a gnoll

Illustrated notes

Levels and vault maps discovered:
D:4:      layout_loops_corners, eino_small_chamber_without_monster, uniq_duvessa
D:5:      layout_rooms, mainiacjoe_overflow_six_doors_small, minmay_starry_boxes

Skill      XL: |  1 |
---------------+----+-----
Stealth        | 8 |  8.9
Fighting       | |  3.0
Axes           | |  2.0
Dodging        | |  2.0

Action                     |  1- 3 |  4- 6 || total
---------------------------+-------+-------++-------
  Melee: Hand axe          |    10 |    10 ||    20
         Tentacles         |     3 |     6 ||     9
         Constrict         |     1 |     3 ||     4
    Use: Scroll            |       |     1 ||     1
 Armour: Skin              |     5 |     5 ||    10
  Dodge: Dodged            |    11 |     4 ||    15

Table legend: (Time is in decaauts)
 A = Elapsed time spent in this place.
 B = Non-inter-level travel time spent in this place.
 C = Inter-level travel time spent in this place.
 D = Time resting spent in this place.
 E = Time spent auto-exploring this place.
 F = Levels seen in this place.
 G = Mean time per level.
                   A        B        C        D        E       F      G
               +--------+--------+--------+--------+--------+-----+--------+
         Total |    115 |    115 |      0 |     37 |      7 |   2 |   57.5 |
       Dungeon |    115 |    115 |      0 |     37 |      7 |   2 |   57.5 |
               +--------+--------+--------+--------+--------+-----+--------+

Top non-repeatable levels by time:
     D:4: 61 daAuts
     D:5: 54 daAuts
